Map: Oxide LE

Players

MaNa

  • Race: Protoss Protoss

Reynor - Winner!

  • Race: Zerg Zerg

Event: DreamHack SC2 Masters 2021 Fall

VOD

Have the link to the VOD?

Description

Time

  • Played on: July 29, 2021, 2:10 p.m.
  • Length: 14:06

All games in this series

Show
View Real Time Build Order
Export as new Build Order

MaNa Protoss 

Build Orders: 1 Gate Expand, Mass Adepts 

Get SALT Encoding   

  12  0:00  Probe  
  13  0:12  Probe  
  14  0:19  Pylon  
  14  0:24  Probe (Chrono Boost)  
  15  0:37  Probe (Chrono Boost)  
  16  0:43  Gateway  
  16  0:45  Probe (Chrono Boost)  
  17  0:51  Assimilator, Probe (Chrono Boost)  
  18  1:04  Probe (Chrono Boost)  
  19  1:13  Probe (Chrono Boost)  
  20  1:28  Nexus  
  20  1:35  Cybernetics Core  
  20  1:39  Probe  
  21  1:46  Assimilator  
  21  1:51  Probe  
  22  1:56  Pylon  
  22  2:03  Probe  
  23  2:11  Stalker (Chrono Boost)  
  23  2:15  Probe  
  26  2:19  Warp Gate  
  26  2:23  Twilight Council  
  26  2:27  Probe  
  27  2:34  Adept  
  29  2:40  Probe (Chrono Boost)  
  31  2:45  Probe (Chrono Boost)  
  31  2:49  Probe (Chrono Boost)  
  32  2:53  Probe (Chrono Boost)  
  32  2:55  Probe (Chrono Boost)  
  32  2:56  Resonating Glaives (Chrono Boost)  
  34  3:04  Probe  
  35  3:07  Probe  
  35  3:09  Gateway  
  36  3:14  Gateway  
  36  3:16  Probe  
  36  3:18  Adept  
  39  3:20  Probe  
  39  3:26  Pylon  
  40  3:28  Probe  
  40  3:32  Probe  
  42  3:40  Probe  
  43  3:44  Probe  
  44  3:52  Probe  
  44  3:53  Pylon  
  45  3:56  Nexus, Probe  
  46  4:08  Probe x2  
  48  4:11  Adept x3  
  48  4:15  Robotics Facility  
  54  4:21  Assimilator  
  54  4:23  Assimilator  
  54  4:24  Pylon  
  54  4:31  Adept x3  
  54  4:36  Probe x2  
  62  4:46  Forge  
  62  4:48  Probe  
  62  4:49  Probe  
  62  4:52  Adept x2  
  66  4:53  Adept  
  70  5:06  Robotics Bay  
  70  5:07  Probe x2  
  70  5:08  Observer  
  73  5:17  Protoss Ground Weapons Level 1 (Chrono Boost), Probe  
  70  5:27  Probe  
  69  5:28  Immortal (Chrono Boost)  
  69  5:32  Probe x2  
  69  5:35  Shield Battery, Sentry x2  
  65  5:36  Sentry  
  69  5:43  Gateway  
  69  5:44  Gateway  
  69  5:46  Gateway  
  69  5:48  Probe x2  
  69  5:49  Probe  
  72  5:58  Disruptor (Chrono Boost)  
  72  5:59  Sentry  
  72  6:00  Adept, Probe  
  72  6:01  Probe  
  72  6:02  Pylon  
  81  6:04  Probe  
  81  6:07  Pylon  
  81  6:11  Blink (Chrono Boost), Observer  
  82  6:15  Pylon  
  82  6:16  Probe x2  
  84  6:22  Probe  
  84  6:23  Observer  
  84  6:24  Assimilator  
  84  6:25  Assimilator, Disruptor (Chrono Boost)  
  85  6:30  Gateway  
  88  6:34  Probe x2  
  88  6:38  Gateway  
  90  6:40  Gateway  
  90  6:42  Probe  
  90  6:46  Probe x2  
  93  6:54  Probe  
  94  6:57  Warp Prism (Chrono Boost)  
  94  6:58  Probe  
  94  6:59  Observer  
  94  7:00  Stalker x3  
  103  7:07  Photon Cannon  
  103  7:08  Probe  
  105  7:11  Photon Cannon  
  105  7:12  Zealot  
  105  7:15  Pylon  
  106  7:18  Stalker  
  107  7:25  Pylon  
  107  7:26  Zealot  
  107  7:27  Pylon  
  109  7:36  Stalker x4  
  117  7:38  Protoss Ground Weapons Level 2 (Chrono Boost)  
  117  7:40  Pylon  
  117  7:45  Pylon  
  117  7:53  Stalker x4  
  117  7:55  Zealot  
  125  8:04  Stalker x3  
  124  8:10  Probe  
  120  8:13  Disruptor  
  114  8:23  Stalker x3, Probe x2  
  114  8:26  Probe  
  110  8:35  Probe x2  
  110  8:37  Sentry x6  
  124  8:51  Disruptor, Gravitic Drive  
  127  9:00  Adept x6  
  139  9:09  Stalker x3  
  139  9:19  Pylon  
  139  9:20  Pylon  
  135  9:26  Stalker x4  
  141  9:42  Immortal (Chrono Boost)  
  141  9:49  Stalker x5  
  151  10:00  Stalker x4  
  151  10:04  Pylon  
  159  10:07  Pylon  
  159  10:13  Immortal (Chrono Boost)  
  159  10:15  Shield Battery  
  163  10:27  Nexus  
  163  10:40  Stalker x5  
  173  10:46  Observer  
  174  10:56  Stalker x2  
  174  10:57  Stalker x2  
  181  11:01  Pylon  
  181  11:02  Pylon  
  181  11:11  Nexus  
  174  11:31  Stalker x4  
  160  11:42  Stalker x2  
  158  11:50  Observer  
  157  11:58  Stalker x2  
  157  11:59  Stalker x5  
  149  12:17  Observer  
  149  12:22  Stalker x6  
  112  12:34  Stalker x9  
  129  12:40  Warp Prism (Chrono Boost)  
  128  12:59  Nexus  
  128  13:04  Observer  
  91  13:13  Stalker  
  91  13:14  Stalker x6  
  87  13:37  Adept x4  
  87  13:39  Stalker x2  
Show
View Real Time Build Order
Export as new Build Order

Reynor Zerg - Winner!

Build Orders: Hatch First, Lurkers 

Get SALT Encoding   

  12  0:00  Drone  
  13  0:11  Overlord  
  13  0:16  Drone  
  14  0:30  Drone x2  
  16  0:42  Drone  
  17  0:51  Hatchery  
  17  0:53  Drone  
  17  0:57  Drone  
  18  1:07  Extractor  
  17  1:11  Spawning Pool  
  17  1:15  Drone  
  17  1:17  Drone  
  18  1:27  Drone  
  19  1:38  Drone  
  20  1:48  Overlord  
  20  1:58  Queen  
  22  2:02  Queen  
  22  2:03  Zergling x4  
  26  2:10  Drone  
  26  2:12  Metabolic Boost  
  26  2:14  Drone  
  28  2:24  Drone  
  28  2:26  Drone  
  30  2:34  Queen  
  32  2:39  Overlord  
  32  2:47  Hatchery  
  32  2:48  Drone  
  32  2:50  Drone  
  33  2:53  Drone  
  33  2:55  Drone  
  35  2:59  Drone  
  35  3:04  Drone  
  37  3:09  Overlord  
  37  3:10  Drone x2  
  37  3:12  Drone  
  40  3:16  Queen  
  42  3:21  Drone  
  42  3:22  Drone  
  44  3:28  Overlord  
  44  3:29  Drone  
  44  3:32  Spore Crawler  
  44  3:34  Queen  
  44  3:38  Drone  
  47  3:42  Drone x2  
  47  3:44  Drone x2  
  51  3:51  Zergling x4  
  51  3:53  Drone x2  
  55  3:55  Overlord  
  55  4:03  Roach Warren  
  55  4:08  Drone x2  
  55  4:09  Drone  
  56  4:10  Zergling x2  
  56  4:12  Overlord  
  57  4:18  Drone x3  
  57  4:21  Zergling x4  
  62  4:26  Zergling x2  
  62  4:27  Spore Crawler  
  62  4:30  Overlord  
  62  4:33  Zergling x2  
  62  4:35  Lair  
  62  4:37  Spore Crawler  
  62  4:44  Roach x4  
  70  4:49  Extractor x2  
  70  4:51  Zergling x6  
  71  4:55  Overlord  
  71  4:58  Roach  
  73  5:00  Zergling x6  
  72  5:14  Drone x4  
  72  5:17  Drone x2  
  72  5:18  Drone  
  72  5:20  Drone  
  72  5:21  Drone x2  
  76  5:23  Drone  
  76  5:24  Drone  
  76  5:26  Drone  
  69  5:29  Drone  
  69  5:35  Drone  
  70  5:37  Drone x3  
  70  5:39  Drone x2  
  75  5:47  Roach  
  75  5:48  Roach  
  75  5:49  Roach  
  82  5:50  Drone  
  82  5:52  Drone x2  
  82  5:55  Extractor  
  83  5:57  Drone  
  83  5:58  Overseer, Evolution Chamber  
  83  6:00  Overlord  
  83  6:02  Drone  
  84  6:06  Drone x3  
  84  6:08  Drone  
  88  6:11  Drone  
  88  6:15  Drone x2, Glial Reconstitution  
  88  6:17  Extractor  
  90  6:18  Roach x2  
  90  6:20  Drone  
  90  6:22  Drone  
  96  6:25  Drone  
  96  6:26  Drone, Infestation Pit  
  96  6:28  Drone  
  96  6:29  Drone  
  99  6:33  Zerg Missile Weapons Level 1  
  99  6:34  Overlord  
  99  6:36  Extractor  
  98  6:45  Overseer  
  98  6:50  Roach x3  
  98  6:52  Overlord  
  104  6:56  Roach x3  
  104  6:57  Roach  
  104  6:59  Overlord  
  112  7:03  Hatchery  
  112  7:04  Overlord, Hive  
  111  7:13  Overlord  
  111  7:17  Drone  
  111  7:19  Roach x5  
  111  7:20  Hydralisk Den  
  121  7:23  Overlord  
  121  7:25  Roach x4  
  121  7:29  Ravager  
  130  7:30  Zergling x2  
  130  7:31  Zergling x4  
  130  7:33  Drone  
  130  7:34  Zergling x4  
  130  7:35  Ravager  
  130  7:36  Zergling x4  
  138  7:38  Ravager  
  138  7:39  Overlord  
  138  7:41  Zergling x4  
  138  7:44  Zergling x6  
  144  7:47  Zergling x2  
  145  7:54  Overlord  
  145  7:58  Zergling x4  
  142  8:02  Hatchery  
  142  8:05  Roach  
  137  8:08  Overlord  
  135  8:15  Zergling x4, Roach x4  
  135  8:16  Overlord  
  140  8:21  Roach x4  
  140  8:25  Overlord  
  140  8:26  Lurker Den  
  143  8:29  Viper  
  143  8:30  Viper  
  143  8:32  Zergling x2  
  141  8:39  Zergling x4, Roach x3  
  147  8:44  Viper  
  150  8:49  Drone x3  
  150  8:51  Drone  
  150  8:54  Spore Crawler  
  150  8:55  Hatchery, Zerg Missile Weapons Level 2  
  152  8:56  Spore Crawler, Drone x2  
  153  9:03  Overlord  
  149  9:11  Viper  
  149  9:12  Roach x4  
  149  9:13  Roach  
  149  9:16  Zergling x8  
  149  9:17  Zergling x4  
  166  9:25  Roach x3  
  166  9:26  Zergling x2, Roach  
  166  9:29  Overlord x3  
  175  9:34  Overlord  
  169  9:45  Extractor  
  165  9:47  Extractor  
  165  9:48  Seismic Spines  
  164  9:53  Overseer, Drone x3  
  164  9:54  Drone x2  
  164  9:55  Queen, Drone x2, Hydralisk x4  
  181  10:00  Hydralisk  
  183  10:07  Overlord  
  183  10:13  Overlord  
  183  10:23  Overlord  
  183  10:25  Drone x4  
  183  10:26  Drone x2  
  183  10:27  Spore Crawler, Spine Crawler  
  187  10:30  Lurker x4  
  187  10:34  Hydralisk x4  
  199  10:36  Lurker  
  200  10:45  Adaptive Talons  
  200  10:48  Hydralisk  
  200  10:49  Hatchery  
  198  10:52  Overseer  
  198  10:55  Hydralisk x2  
  198  10:56  Hydralisk  
  199  11:05  Spine Crawler  
  199  11:06  Spine Crawler  
  199  11:07  Drone x2  
  199  11:11  Pneumatized Carapace  
  172  11:29  Hydralisk  
  172  11:30  Hydralisk x9  
  158  11:40  Zergling x22  
  158  11:41  Hydralisk x5  
  158  11:42  Zergling x4  
  170  11:47  Hydralisk x2  
  170  11:48  Zergling x4  
  170  11:52  Lurker x3  
  175  12:06  Hydralisk  
  175  12:07  Zergling x2, Hydralisk x6  
  175  12:08  Zergling x2  
  182  12:12  Lurker  
  182  12:14  Hydralisk x2  
  182  12:15  Zergling x2  
  185  12:17  Overlord  
  185  12:22  Hydralisk x3  
  170  12:26  Hydralisk  
  160  12:32  Hydralisk  
  160  12:33  Zergling x2, Hydralisk  
  160  12:35  Muscular Augments  
  161  12:39  Lurker  
  161  12:43  Lurker  
  163  12:47  Roach x3  
  168  12:52  Roach x2  
  168  12:57  Hatchery, Roach x2  
  168  12:58  Roach  
  169  13:01  Lurker  
  169  13:03  Lurker  
  161  13:08  Roach  
  161  13:09  Roach x4  
  161  13:10  Hydralisk  
  161  13:11  Zergling x2  
  146  13:21  Roach x6  
  146  13:24  Lurker  
  159  13:31  Lurker  
  160  13:35  Lurker  
  160  13:39  Lurker  
  160  13:40  Zergling x22  
  173  13:42  Lurker  
  173  13:45  Zergling x2  

Tags
 
Add a new tag
Caveats
  • Supply blocks, unpowered buildings, or Contaminate may cause inaccurate times.
  • Supply counts are checked every 10 seconds.